 Dungeon Crawl Stone Soup version 0.27-a0-931-g5a74e75d8f (webtiles) character file.

Game seed: 6712225611288597561

18 Alarkh the Insei (level 2, -1/23 HPs)
             Began as a Demonspawn Gladiator on Apr 10, 2021.
             Slain by Sigmund
             ... wielding a +0 scythe
              (5 damage)
             ... on level 2 of the Dungeon.
             The game lasted 00:00:35 (618 turns).

Alarkh the Insei (Demonspawn Gladiator)              Turns: 618, Time: 00:00:35

Health: -1/23      AC:  4    Str: 14    XL:     2   Next: 48%
Magic:  2/2        EV: 12    Int:  9    God:
Gold:   15         SH:  0    Dex: 14    Spells: 1/1 levels left

rFire    . . .     SeeInvis .     - Unarmed
rCold    . . .     Faith    .   (no shield)
rNeg     . . .     Spirit   .   a - +0 leather armour
rPois    .         Reflect  .   b - +0 helmet
rElec    .         Harm     .   (no cloak)
rCorr    .         Rampage  .   (no gloves)
Will     .....                  (no boots)
Stlth    +.........             (no amulet)
HPRegen  0.07/turn              (no ring)
MPRegen  0.08/turn              (no ring)

@: no status effects
A: spiny 1
a: no special abilities


You were on level 2 of the Dungeon.
You visited 1 branch of the dungeon, and saw 2 of its levels.

You collected 15 gold pieces.

Inventory:

Missiles
 c - 3 throwing nets (quivered)
Armour
 a - a +0 leather armour (worn)
 b - a +0 helmet (worn)
Scrolls
 d - a scroll of enchant armour {unknown}
 e - a scroll of blinking {unknown}
 f - 2 scrolls of noise {unknown}
 g - a scroll of identify {unknown}
 h - a scroll of magic mapping {unknown}


   Skills:
 + Level 2.4 Fighting
 - Level 1.7 Throwing
 - Level 2.6 Dodging
 * Level 3.3 Unarmed Combat


You had one spell level left.
You didn't know any spells.
Your spell library contained the following spells:

 Spells                   Type           Power      Damage    Failure   Level
 Poisonous Vapours        Pois/Air       0%         N/A       61%         2
 Conjure Flame            Conj/Fire      0%         6-21      83%         3
 Mephitic Cloud           Conj/Pois/Air  0%         N/A       83%         3
 Freezing Cloud           Conj/Ice/Air   0%         6-21      100%        6


Dungeon Overview and Level Annotations

Branches:
Dungeon (2/15)

Altars:
Trog

Annotations:
D:2 Sigmund


Innate Abilities, Weirdness & Mutations

You are partially covered in sharp spines.


Message History

A bat is nearby!
The bat hits you but does no damage. The bat closely misses you. x2
You closely miss the bat. The bat barely misses you.
The bat hits you but does no damage.
You miss the bat. The bat closely misses you.
You miss the bat. The bat barely misses you.
You barely miss the bat. The bat is struck by your spines. The bat hits you.
You barely miss the bat.
The bat is severely wounded.
The bat closely misses you.
Sigmund the Dreaded comes into view.
He is wielding a +0 scythe.
Sigmund shouts!
The bat hits you but does no damage. x2
You barely miss the bat.
The bat is severely wounded.
The bat hits you.
An endoplasm comes into view.
The bat hits you but does no damage.
There are monsters nearby!
There are monsters nearby!
The endoplasm quivers.
The bat is struck by your spines.
You kill the bat!
Sigmund points at you and mumbles some strange words.
The puff of flame hits you! Sigmund gestures at you while chanting.
You aren't carrying any potions.
You start resting.
Sigmund is nearby!
Sigmund points at you and mumbles some strange words.
The puff of flame hits you.
* * * LOW HITPOINT WARNING * * *
You hit the endoplasm.
The endoplasm is moderately wounded.
The endoplasm is struck by your spines. The endoplasm closely misses you.
You hit the endoplasm.
You kill the endoplasm!
Sigmund hits you with a +0 scythe.
You die...

#.....†....#
#..........#
##........##
##......## #####.##
##### #.### #....
####...# #..##
#..#@..# ##.#
#..@...##### #.##
#....#.....######..#
#....####......)##.#
#....# #.....#.....
#....# #.....###...
#...## #..........#
##.## #......###.#
.# #......# #.#
#....... ...


You could see Sigmund.

Vanquished Creatures
  A dart slug (D:2)
  4 ball pythons (D:1)
  2 endoplasms
  A giant cockroach (D:1)
  3 bats
  A frilled lizard (D:1)
  2 kobolds
  2 rats (D:1)
16 creatures vanquished.

Notes
Turn   | Place    | Note
-------+----------+-------------------------------------------
     0 | D:1      | Alarkh the Demonspawn Gladiator began the quest for the
                  | Orb.
     0 | D:1      | Reached XP level 1. HP: 16/16 MP: 1/1
   101 | D:1      | Reached skill level 3 in Unarmed Combat
   185 | D:1      | Gained mutation: You are partially covered in sharp spines.
                  | [demonic ancestry]
   185 | D:1      | Reached XP level 2. HP: 22/22 MP: 2/2
   254 | D:1      | Found a faded altar of an unknown god.
   404 | D:1      | Found a bloodstained altar of Trog.
   596 | D:2      | Noticed Sigmund
   618 | D:2      | Slain by Sigmund

Illustrated notes

Levels and vault maps discovered:
D:1:      dpeg_arrival_water_altar, layout_rooms, basic_ecumenical_altar,
          minmay_misc_feat_rows, chequers_jeans
D:2:      layout_rooms, uniq_crazy_yiuf_cottage, uniq_sigmund

Skill      XL: |  1 |
---------------+----+-----
Unarmed Combat | 3 |  3.3
Fighting       | |  2.4
Throwing       | |  1.7
Dodging        | |  2.6

Action                   || total
-------------------------++-------
Melee: Unarmed           ||    42
       Punch             ||     2
Armor: Leather armour    ||    11
Dodge: Dodged            ||    33

Table legend: (Time is in decaauts)
 A = Elapsed time spent in this place.
 B = Non-inter-level travel time spent in this place.
 C = Inter-level travel time spent in this place.
 D = Time resting spent in this place.
 E = Time spent auto-exploring this place.
 F = Levels seen in this place.
 G = Mean time per level.
                   A        B        C        D        E       F      G
               +--------+--------+--------+--------+--------+-----+--------+
         Total |    618 |    594 |     24 |    118 |    377 |   2 |  309.0 |
       Dungeon |    618 |    594 |     24 |    118 |    377 |   2 |  309.0 |
               +--------+--------+--------+--------+--------+-----+--------+

Top non-repeatable levels by time:
     D:1: 432 daAuts
     D:2: 186 daAuts
